Map: Deathaura LE

Players

Rail - Winner!

  • Race: Protoss Protoss
  • League: Master
  • Spawn Location: 11:00

uwuThermal (uThermal)

  • Race: Terran Terran
  • Spawn Location: 5:00

Event: DreamHack SC2 Masters 2020 Winter

VOD

Have the link to the VOD?

Description

Time

  • Played on: Oct. 31, 2020, 2:03 p.m.
  • Length: 11:19

All games in this series

Show
View Real Time Build Order
Export as new Build Order

Rail Protoss - Winner!

Build Orders: 1 Gate Expand 

Get SALT Encoding   

  12  0:01  Probe  
  13  0:13  Probe  
  14  0:18  Pylon  
  14  0:25  Probe (Chrono Boost)  
  15  0:37  Gateway, Probe (Chrono Boost)  
  16  0:45  Probe (Chrono Boost)  
  16  0:46  Assimilator  
  17  0:51  Probe  
  18  1:03  Probe  
  19  1:16  Probe  
  20  1:25  Cybernetics Core  
  20  1:31  Nexus  
  20  1:38  Pylon  
  20  1:43  Assimilator  
  20  1:45  Probe  
  21  1:57  Probe (Chrono Boost)  
  21  1:58  Adept (Chrono Boost)  
  24  2:02  Warp Gate  
  24  2:09  Probe (Chrono Boost)  
  25  2:18  Probe (Chrono Boost)  
  25  2:21  Stalker  
  28  2:23  Probe  
  29  2:36  Probe (Chrono Boost)  
  30  2:44  Probe (Chrono Boost)  
  34  2:51  Sentry  
  34  2:53  Robotics Facility  
  34  2:54  Probe (Chrono Boost)  
  34  2:55  Probe (Chrono Boost)  
  34  2:56  Gateway  
  35  2:59  Probe (Chrono Boost)  
  35  3:00  Probe (Chrono Boost)  
  37  3:10  Probe  
  37  3:12  Probe  
  39  3:17  Stalker  
  41  3:23  Probe  
  41  3:24  Probe  
  43  3:32  Pylon  
  43  3:35  Probe  
  43  3:36  Nexus  
  43  3:39  Pylon  
  43  3:41  Observer  
  45  3:43  Probe  
  46  3:51  Stalker  
  46  3:52  Probe  
  46  3:55  Stalker  
  51  3:56  Probe  
  51  4:00  Pylon  
  52  4:04  Observer (Chrono Boost), Probe  
  52  4:09  Probe  
  55  4:13  Assimilator  
  55  4:16  Probe  
  56  4:20  Stalker  
  56  4:23  Immortal (Chrono Boost)  
  62  4:27  Twilight Council  
  62  4:31  Probe  
  63  4:32  Probe  
  63  4:36  Zealot  
  63  4:37  Gateway  
  66  4:48  Stalker, Probe  
  66  4:50  Shield Battery, Probe  
  66  4:51  Probe  
  69  4:53  Gateway  
  69  4:59  Observer  
  70  5:00  Pylon  
  70  5:04  Probe  
  70  5:05  Stalker  
  73  5:07  Probe  
  73  5:12  Zealot  
  76  5:15  Charge (Chrono Boost), Probe  
  76  5:16  Probe  
  76  5:20  Probe  
  79  5:23  Gateway  
  79  5:24  Stalker  
  79  5:26  Stalker  
  81  5:36  Zealot  
  80  5:42  Probe  
  80  5:44  Probe  
  81  5:50  Gateway  
  81  5:56  Stalker x2  
  81  5:57  Stalker  
  87  5:59  Warp Prism (Chrono Boost)  
  87  6:01  Probe  
  87  6:03  Zealot  
  92  6:07  Probe  
  92  6:09  Pylon  
  93  6:18  Pylon x2  
  93  6:19  Forge x2  
  93  6:20  Pylon  
  93  6:22  Pylon  
  93  6:30  Zealot x2  
  93  6:31  Zealot  
  101  6:34  Zealot  
  101  6:36  Probe  
  101  6:37  Assimilator  
  101  6:38  Zealot  
  104  6:43  Pylon  
  104  6:45  Robotics Bay  
  104  6:46  Zealot  
  106  6:49  Probe x3  
  106  6:51  Assimilator, Protoss Ground Weapons Level 1 (Chrono Boost), Protoss Ground Armor Level 1 (Chrono Boost)  
  109  6:56  Stalker  
  109  6:58  Zealot  
  109  7:00  Zealot  
  109  7:01  Zealot x2  
  115  7:08  Probe  
  115  7:13  Stalker  
  115  7:15  Zealot  
  116  7:19  Probe  
  116  7:20  Zealot  
  112  7:25  Zealot x2  
  112  7:26  Blink, Probe  
  112  7:28  Probe  
  114  7:30  Stalker  
  114  7:33  Colossus (Chrono Boost)  
  114  7:34  Probe  
  114  7:35  Assimilator  
  117  7:41  Photon Cannon, Gateway x2  
  117  7:42  Probe  
  124  7:49  Zealot x2, Sentry  
  124  7:50  Pylon  
  130  7:53  Stalker  
  130  7:55  Pylon  
  132  8:06  Zealot x2  
  132  8:10  Pylon  
  132  8:11  Extended Thermal Lance (Chrono Boost)  
  136  8:13  Pylon, Probe x2  
  138  8:22  Zealot x3  
  138  8:26  Colossus (Chrono Boost)  
  144  8:32  Nexus  
  150  8:39  Observer  
  148  8:46  Stalker x3  
  150  8:51  Stalker x2, Sentry  
  150  8:53  Stalker, Zealot  
  160  8:56  Protoss Ground Weapons Level 2 (Chrono Boost)  
  160  8:57  Pylon  
  160  9:00  Photon Cannon  
  160  9:02  Observer  
  160  9:06  Probe, Protoss Ground Armor Level 2 (Chrono Boost)  
  161  9:12  Zealot x2, Sentry  
  167  9:17  Stalker, Zealot  
  171  9:24  Stalker, Zealot x2  
  171  9:28  Pylon  
  177  9:34  Pylon  
  175  9:40  Stalker, Zealot x2  
  181  9:46  Stalker  
  181  9:47  Zealot x3  
  187  10:04  Zealot x3  
  187  10:05  Zealot  
  193  10:11  Stalker  
  193  10:12  Stalker x2  
  199  10:15  Templar Archives  
  199  10:16  Robotics Facility  
  196  10:27  Stalker, Zealot  
  175  10:29  Probe x2  
  175  10:34  Photon Cannon, Probe  
  175  10:35  Probe  
  177  10:36  Stalker  
  177  10:37  Stalker  
  177  10:40  Photon Cannon  
  177  10:41  Observer (Chrono Boost), Probe  
  183  10:47  Zealot  
  183  10:49  Photon Cannon  
  185  10:51  Photon Cannon, Probe  
  185  10:52  Probe  
  185  10:54  Probe  
  186  11:03  Probe  
  164  11:07  Zealot x6  
Show
View Real Time Build Order
Export as new Build Order

uwuThermal Terran 

Build Orders: Reaper Expand 

Get SALT Encoding   

  12  0:00  SCV  
  13  0:12  SCV  
  14  0:16  Supply Depot  
  14  0:24  SCV  
  15  0:38  SCV  
  15  0:39  Barracks  
  15  0:42  Refinery  
  16  0:50  SCV  
  17  1:02  SCV  
  18  1:14  SCV  
  19  1:26  Reaper  
  19  1:27  Orbital Command  
  20  1:40  Command Center  
  20  1:50  Supply Depot  
  20  1:53  SCV  
  21  1:58  Marine  
  22  2:05  SCV  
  23  2:09  Factory  
  23  2:17  Bunker, SCV  
  23  2:19  Barracks Reactor  
  24  2:26  Refinery  
  24  2:29  SCV  
  25  2:41  SCV  
  26  2:53  SCV, Hellion  
  26  2:54  Starport  
  26  2:56  Marine x2  
  31  3:00  Orbital Command  
  32  3:05  SCV  
  32  3:14  Marine x2, Factory Tech Lab  
  32  3:17  SCV  
  35  3:25  SCV  
  36  3:29  SCV  
  36  3:32  Cyclone, Viking  
  42  3:38  SCV  
  42  3:39  Supply Depot  
  43  3:42  SCV, Marine  
  43  3:43  Marine  
  46  4:00  Marine, SCV x2  
  46  4:01  Marine  
  46  4:02  Supply Depot  
  50  4:05  Siege Tank  
  53  4:12  Supply Depot, SCV  
  54  4:23  Marine x2, Medivac, SCV  
  59  4:24  Supply Depot, SCV  
  60  4:35  SCV  
  60  4:36  SCV  
  60  4:37  Siege Tank  
  65  4:41  Marine x2  
  67  4:48  SCV x2  
  67  4:57  Command Center  
  67  4:59  Marine x2  
  69  5:00  SCV  
  69  5:01  SCV  
  71  5:12  SCV  
  71  5:13  SCV  
  73  5:17  Starport Tech Lab  
  73  5:18  Marine, Barracks  
  73  5:19  Barracks  
  73  5:20  Marine  
  75  5:24  SCV  
  75  5:25  SCV  
  75  5:26  Supply Depot  
  73  5:36  SCV  
  73  5:37  Marine  
  71  5:44  SCV  
  71  5:46  Engineering Bay x2  
  71  5:49  Marine  
  72  5:52  Starport Reactor, Factory Reactor  
  72  5:55  Marine  
  74  5:58  SCV  
  74  5:59  SCV, Refinery x2  
  76  6:08  Orbital Command  
  76  6:10  SCV  
  76  6:11  SCV  
  78  6:13  Terran Infantry Armor Level 1, Terran Infantry Weapons Level 1  
  78  6:17  Marauder x2  
  82  6:18  Marine  
  82  6:19  Marine  
  82  6:22  SCV  
  82  6:24  SCV  
  86  6:26  Orbital Command  
  86  6:28  Combat Shield  
  86  6:29  Stimpack  
  86  6:31  Supply Depot  
  86  6:34  SCV  
  86  6:36  SCV, Marine  
  86  6:37  Marine  
  86  6:38  Marauder  
  92  6:44  Marauder  
  92  6:46  Widow Mine, Supply Depot, SCV  
  92  6:47  Widow Mine  
  98  6:48  SCV  
  98  6:49  Medivac  
  98  6:53  SCV  
  102  6:54  Marine  
  102  6:55  Marine  
  102  6:57  Supply Depot, Medivac  
  102  6:58  SCV  
  102  6:59  Marine  
  108  7:02  SCV  
  106  7:09  Marine  
  106  7:12  Widow Mine x2  
  101  7:17  Marauder  
  101  7:19  Medivac  
  101  7:21  Marine x2  
  97  7:27  Medivac  
  97  7:28  Marauder  
  99  7:34  Barracks x2  
  99  7:36  Widow Mine  
  99  7:37  Widow Mine  
  102  7:38  Marine  
  102  7:39  Marauder  
  102  7:41  Marine, Supply Depot  
  102  7:43  Orbital Command  
  106  7:44  SCV x2  
  106  7:48  Marine  
  109  7:52  Armory  
  109  7:56  SCV, Marine  
  105  7:59  SCV  
  105  8:00  Marauder  
  105  8:01  Missile Turret  
  105  8:04  Missile Turret  
  108  8:08  SCV  
  108  8:10  SCV, Marine  
  108  8:11  Concussive Shells, Marauder, SCV  
  114  8:18  Missile Turret  
  114  8:20  SCV  
  114  8:25  Barracks Tech Lab x2  
  114  8:26  SCV x2, Missile Turret  
  119  8:27  Marauder  
  119  8:32  SCV  
  119  8:33  Marine  
  119  8:34  Supply Depot, Marauder  
  123  8:45  Marine  
  123  8:47  Terran Infantry Weapons Level 2, Terran Infantry Armor Level 2  
  123  8:48  SCV  
  125  8:50  Supply Depot  
  125  8:53  Missile Turret  
  125  8:55  Marine x2  
  130  8:56  Marauder x2  
  130  8:58  Supply Depot  
  130  9:01  Marine, Refinery x2  
  132  9:04  Supply Depot  
  132  9:05  Supply Depot  
  132  9:11  Marine  
  132  9:12  Widow Mine x2  
  132  9:13  Marine, Marauder, Ghost Academy  
  140  9:22  SCV  
  141  9:24  Viking  
  141  9:25  Command Center, Viking  
  145  9:33  Missile Turret  
  145  9:34  Marine, Marauder  
  145  9:38  Marine x2  
  148  9:39  Marauder x2  
  148  9:44  Enhanced Shockwaves  
  154  9:47  Supply Depot  
  154  9:48  Supply Depot  
  153  9:55  Viking x2  
  151  10:08  Ghost x3  
  154  10:29  Command Center  
  154  10:30  Supply Depot  
  154  10:32  Supply Depot  
  152  10:54  Supply Depot  
  152  10:55  Supply Depot  
  150  10:57  Marine x3  
  150  10:58  Marauder x2  
Tags
 
Add a new tag
Caveats
  • Supply blocks, unpowered buildings, or Contaminate may cause inaccurate times.
  • Supply counts are checked every 10 seconds.